 Dungeon Crawl Stone Soup version 0.31.0-32-g396128a36d (webtiles) character file.

Game seed: 12726418307870684901

1943 Peloso the Carver (level 8, -3/71 HPs)
             Began as a Minotaur Fighter on Apr 18, 2024.
             Was an Initiate of Okawaru.
             Engulfed by a steam dragon's steam (8 damage)
             ... on level 6 of the Dungeon.
             The game lasted 00:10:29 (5577 turns).

Peloso the Carver (Minotaur Fighter)                Turns: 5577, Time: 00:10:29

Health: -3/71      AC:  8    Str: 20    XL:     8   Next: 98%
Magic:  7/7        EV: 10    Int:  5    God:    Okawaru [......]
Gold:   356        SH:  5    Dex: 13    Spells: 7/7 levels left

rFire   . . .        c - +1 falchion (venom)
rCold   + . .        d - +0 buckler
rNeg    . . .        b - +0 scale mail
rPois   .            (helmet restricted)
rElec   .            (no cloak)
rCorr   .            (no gloves)
SInv    +            (no boots)
Will    .....        (no amulet) Stlth
                     j - ring of see invisible
HPRegen 0.31/turn    w - ring of protection from cold
MPRegen 0.10/turn

%: no passive effects
@: about to teleport
A: horns 2, retaliatory headbutt, high MP 1, MP-powered wands
a: Renounce Religion


You were on level 6 of the Dungeon.
You worshipped Okawaru.
Okawaru was noncommittal.
You visited 2 branches of the dungeon, and saw 7 of its levels.

You collected 356 gold pieces.

Inventory:

Hand Weapons
 a - a +0 long sword
 c - a +1 falchion of venom (weapon)
Armour
 b - a +0 scale mail (worn)
 d - a +0 buckler (worn)
Jewellery
 j - a ring of see invisible (left hand)
 w - a ring of protection from cold (right hand)
Wands
 l - a wand of flame (17)
 n - a wand of charming (17)
Scrolls
 e - 5 scrolls of immolation {unknown}
 g - 2 scrolls of enchant weapon {unknown}
 h - a scroll of teleportation
 k - a scroll of blinking {unknown}
 m - 3 scrolls of poison {unknown}
 o - a scroll of torment
 s - a scroll of fear {unknown}
 u - a scroll of identify
 v - a scroll of fog {unknown}
Potions
 f - a potion of lignification {unknown}
 i - a potion of enlightenment
 p - a potion of berserk rage {unknown}
 q - a potion of haste {unknown}
 r - a potion of curing {unknown}
 t - 2 potions of might


   Skills:
 + Level 6.4 Fighting
 + Level 8.6 Long Blades
 + Level 8.2 Armour
 + Level 3.2 Dodging
 + Level 0.5 Stealth
 + Level 5.7 Shields
 + Level 1.4 Evocations


You had 7 spell levels left.
You didn't know any spells.
Your spell library contained the following spells:

 Spells                   Type           Power      Damage    Failure   Level
 Freeze                   Ice            0%         1d3       85%         1
 Magic Dart               Conj           0%         1d3       85%         1
 Blink                    Tloc           0%         N/A       94%         2
 Mercury Vapours          Alch/Air       0%         N/A       94%         2
 Sublimation of Blood     Necr           0%         N/A       94%         2
 Frozen Ramparts          Ice            0%         1d1       99%         3
 Hailstorm                Conj/Ice       0%         3d5       99%         3
 Inner Flame              Hex/Fire       0%         N/A       99%         3
 Mephitic Cloud           Conj/Alch/Air  0%         N/A       99%         3
 Sigil of Binding         Hex            0%         N/A       99%         3
 Dimensional Bullseye     Hex/Tloc       0%         N/A       100%        4
 Flame Wave               Conj/Fire      0%         2d4       100%        4
 Petrify                  Alch/Erth      0%         N/A       100%        4
 Sticky Flame             Fire/Alch      0%         2d4       100%        4
 Freezing Cloud           Conj/Ice/Air   0%         6-21      100%        5
 Irradiate                Conj/Alch      0%         3d11      100%        5
 Call Imp                 Summ           Unusable   N/A       N/A         2
 Call Canine Familiar     Summ           Unusable   N/A       N/A         3

Dungeon Overview and Level Annotations

Branches:
Dungeon (6/15)             Temple (1/1) D:6

Altars:
Ashenzari
Cheibriados
Dithmenos
Elyvilon
Fedhas
Hepliaklqana
Kikubaaqudgha
Makhleb
Nemelex Xobeh
Okawaru
Qazlal
Ru
Sif Muna
Uskayaw
Vehumet
Wu Jian
Xom
Yredelemnul
The Shining One

Shops:
D:4 *   D:5 *

Annotations:
D:6 Grinder


Innate Abilities, Weirdness & Mutations

You have a pair of horns on your head.
You reflexively headbutt those who attack you in melee.
You have an increased reservoir of magic. (+10% MP)
You expend magic power (3 MP) to strengthen your wands.


Message History

You pick up a book of Frost and begin reading...
You add the spells Freeze, Frozen Ramparts and Hailstorm to your library.
You now have 356 gold pieces (gained 6).
There is a staircase to the Ecumenical Temple here.
Found a ring mail.
A steam dragon comes into view.
Found 15 gold pieces.
The steam dragon hisses angrily.
A steam dragon is nearby!
The steam dragon breathes steam at you. The ball of steam hits you.
Grinder comes into view.
Found 15 gold pieces.
You are engulfed in a cloud of scalding steam.
Grinder shouts!
The steam dragon bites you. The steam dragon claws you.
You barely miss the steam dragon.
The steam dragon bites you but does no damage.
The steam dragon claws you.
You hit the steam dragon.
The steam dragon is poisoned.
You headbutt the steam dragon.
The steam dragon is moderately wounded.
The steam dragon breathes steam at you. The ball of steam hits you!!
Grinder blinks!
You closely miss the steam dragon.
The steam dragon is moderately wounded.
The steam dragon bites you. The steam dragon closely misses you.
Unknown command.
You block the steam dragon's attack. The steam dragon claws you.
As you read the scroll of teleportation, it crumbles to dust.
You feel strangely unstable. The steam dragon breathes steam at you.
The ball of steam hits you!!
* * * LOW HITPOINT WARNING * * *
Unknown command.
Okay, then.
You closely miss the steam dragon.
The steam dragon is severely wounded.
You are engulfed in a cloud of scalding steam.
You die...

#.#######.#.# ##.###.
#####.######....# #.## ##
.............#..# ##.###.
................# ##.#.#
$.####.#.##....#.#######z##
....[.§.....#.............z
..####§§###......########.#
.#####..####.#...# #.#
........5D@§§#...# ..#
######...##..#...# ####
#...........# ##..##..#..#
#... ..# ... .......# ##
##...$... ###.#.##


You could see Grinder and a steam dragon (poisoned, catching breath).

Vanquished Creatures
  Prince Ribbit (D:6)
  Eustachio (D:6)
  A fire bat (D:5)
  A black bear (D:5)
  An ice beast (D:5)
  A sky beast (D:6)
  A phantom (D:5)
  A bullfrog (D:6)
  4 scorpions
  4 wights
  2 bombardier beetles
  A howler monkey (D:6)
  3 hounds
  2 orc priests
  2 iguanas
  2 orc wizards
  Robin (D:3)
  4 gnolls (D:5)
  8 adders
  A shadow imp (D:5)
  A white imp (D:5)
  2 ufetubi (D:6)
  4 dart slugs
  5 ribbon worms
  12 orcs
  9 ball pythons
  6 endoplasms
  5 giant cockroaches
  9 goblins
  11 hobgoblins
  5 jackals
  4 kobolds
  A quokka (D:4)
  5 bats
  4 frilled lizards
  5 rats
130 creatures vanquished.

Notes
Turn   | Place    | Note
-------+----------+-------------------------------------------
     0 | D:1      | Peloso the Minotaur Fighter began the quest for the Orb.
     0 | D:1      | Reached XP level 1. HP: 19/19 MP: 0/0
   183 | D:1      | Reached XP level 2. HP: 27/27 MP: 1/1
   364 | D:1      | Found a faded altar of an unknown god.
   621 | D:1      | Reached XP level 3. HP: 33/33 MP: 2/2
   621 | D:1      | Gained mutation: You expend magic power (3 MP) to
                  | strengthen your wands. [potion of mutation]
   621 | D:1      | Gained mutation: You have an increased reservoir of magic.
                  | (+10% MP) [potion of mutation]
  1156 | D:2      | Reached XP level 4. HP: 40/40 MP: 3/3
  1877 | D:3      | Noticed Robin
  1896 | D:3      | Killed Robin
  1999 | D:3      | Reached XP level 5. HP: 46/46 MP: 4/4
  2123 | D:3      | Reached skill level 1 in Dodging
  2559 | D:3      | Reached skill level 5 in Armour
  2761 | D:4      | Reached skill level 5 in Long Blades
  2761 | D:4      | Reached XP level 6. HP: 37/53 MP: 5/5
  3181 | D:4      | Found Eukhuor's Eclectic Emporium.
  3354 | D:4      | Reached skill level 5 in Fighting
  3406 | D:5      | Entered Level 5 of the Dungeon
  3434 | D:5      | Reached XP level 7. HP: 46/61 MP: 6/6
  3741 | D:5      | Found a shimmering altar of Xom.
  3742 | D:5      | Noticed a fire bat
  3785 | D:5      | Killed a fire bat
  3786 | D:5      | Reached skill level 5 in Shields
  4105 | D:5      | Reached XP level 8. HP: 47/70 MP: 7/7
  4379 | D:5      | Found Azititt's Fire Supplies.
  4605 | D:6      | Noticed Prince Ribbit
  4839 | D:6      | Killed Prince Ribbit
  4924 | D:6      | Noticed Eustachio
  4934 | D:6      | Found a snail-covered altar of Cheibriados.
  4940 | D:6      | Killed Eustachio
  5332 | D:6      | Reached skill level 1 in Evocations
  5362 | D:6      | Found a staircase to the Ecumenical Temple.
  5373 | Temple   | Entered the Ecumenical Temple
  5442 | Temple   | Became a worshipper of Warmaster Okawaru
  5568 | D:6      | Noticed Grinder
  5577 | D:6      | Engulfed by a steam dragon's steam

Illustrated notes

Levels and vault maps discovered:
D:1:      lightli_arrival_windingriver, layout_loops_ring,
          ebering_ecumenical_altar_sacrificial
D:2:      layout_basic, st_stairs_11, nicolae_wormholes
D:3:      layout_loops_cross, uniq_robin
D:4:      layout_basic, grunt_ministairs_13, nicolae_alphabet_shops,
          st_stairs_11
D:5:      layout_basic, regret_index_xom_of_box, chequers_serial_rivers_marsh,
          nicolae_shop_fire_sale [nicolae_sub_dead_trees]
D:6:      layout_loops_ring, zin_angel, slow_altar_1,
          minmay_temple_entry_offerings, uniq_grinder, uniq_eustachio,
          uniq_prince_ribbit1
Temple:   minmay_temple_bridge_d

Skill      XL: |  1  2  3  4  5  6  7  8 |
---------------+-------------------------+-----
Shields        | 4 5 |  5.7
Armour         | 4 5 6 8 |  8.2
Fighting       | 4 5 6 |  6.4
Long Blades    | 3 4 5 6 7 8 |  8.6
Dodging        | 1 2 3 |  3.2
Evocations     | 1 |  1.4
Stealth        | |  0.5

Action                     |  1- 3 |  4- 6 |  7- 9 || total
---------------------------+-------+-------+-------++-------
  Melee: Long sword        |    72 |   143 |    97 ||   312
         Headbutt          |    17 |    27 |    30 ||    74
         Falchion          |       |       |    35 ||    35
  Evoke: Wand              |       |       |     9 ||     9
    Use: Potion            |     1 |       |     3 ||     4
         Scroll            |       |     4 |     1 ||     5
 Armour: Scale mail        |    61 |    89 |   138 ||   288
  Dodge: Dodged            |    42 |    53 |    81 ||   176
  Block: Buckler           |    18 |    28 |    36 ||    82
